 Dungeon Crawl Stone Soup version 0.32-a0-22-g6ae6769602 (webtiles) character file.

Game seed: 11324781706354401502

199 DrKenneth the Covered (level 5, -14/47 HPs)
             Began as a Minotaur Fighter on Jan 18, 2024.
             Demolished by Edmund
             ... wielding a +5 heavy flail
              (17 damage)
             ... on level 4 of the Dungeon.
             The game lasted 00:11:14 (2522 turns).

DrKenneth the Covered (Minotaur Fighter)            Turns: 2522, Time: 00:11:15

Health: -14/47     AC:  9    Str: 23    XL:     5   Next: 48%
Magic:  4/4        EV:  9    Int:  5    God:
Gold:   209        SH:  4    Dex:  9    Spells: 4/4 levels left

rFire   . . .        a - +0 war axe
rCold   . . .        c - +0 buckler
rNeg    . . .        b - +0 scale mail
rPois   .            (helmet restricted)
rElec   .            (no cloak)
rCorr   +            n - +0 pair of gloves
SInv    .            m - +0 pair of boots
Will    .....        (no amulet) Stlth
                     i - ring of resist corrosion
HPRegen 0.27/turn    (no ring)
MPRegen 0.09/turn

%: no passive effects
@: no status effects
A: horns 2, retaliatory headbutt
a: no special abilities


You were on level 4 of the Dungeon.
You visited 1 branch of the dungeon, and saw 4 of its levels.

You collected 209 gold pieces.

Inventory:

Hand Weapons
 a - a +0 war axe (weapon)
 w - the +2 whip of the Many Coins {venom, rN+}
   (You found it on level 4 of the Dungeon)

   rN+:       It protects you from negative energy.
Armour
 b - a +0 scale mail (worn)
 c - a +0 buckler (worn)
 m - a +0 pair of boots (worn)
 n - a +0 pair of gloves (worn)
 u - a +0 plate armour
 x - a scarf of harm
Jewellery
 i - a ring of resist corrosion (left hand)
Scrolls
 e - a scroll of identify
 f - a scroll of fear
 g - 2 scrolls of teleportation {unknown}
 h - a scroll of torment {unknown}
 l - a scroll of vulnerability
 q - 2 scrolls of noise {unknown}
 s - a scroll of brand weapon {unknown}
 t - 2 scrolls of immolation {unknown}
 v - a scroll of enchant armour {unknown}
Potions
 d - a potion of might
 j - 2 potions of attraction
 k - 2 potions of curing {unknown}
 o - a potion of lignification {unknown}
 p - a potion of heal wounds {unknown}
 r - a potion of invisibility {unknown}


   Skills:
 + Level 4.8 Fighting
 + Level 4.1 Axes
 + Level 4.9 Armour
 + Level 4.8 Shields


You had 4 spell levels left.
You didn't know any spells.
Your spell library contained the following spells:

 Spells                   Type           Power      Damage    Failure   Level
 Summon Small Mammal      Summ           0%         N/A       83%         1
 Call Canine Familiar     Summ           0%         N/A       99%         3
 Summon Blazeheart Golem  Fire/Summ      0%         N/A       100%        4


Dungeon Overview and Level Annotations

Branches:
Dungeon (4/15)
 Temple: D:4-7

Altars:

Shops:
D:1 (

Annotations:
D:4 3 runed translucent doors, Edmund


Innate Abilities, Weirdness & Mutations

You have a pair of horns on your head.
You reflexively headbutt those who attack you in melee.


Message History

Edmund is lightly wounded.
Edmund hits you with a +5 heavy flail.
You slash Edmund! Your headbutt misses Edmund.
Edmund is moderately wounded.
Edmund hits you with a +5 heavy flail!
You closely miss Edmund. You headbutt Edmund.
Edmund is heavily wounded.
You hit Edmund but do no damage. You headbutt Edmund, but do no damage.
Edmund is heavily wounded.
Edmund hits you with a +5 heavy flail.
You closely miss Edmund. Your headbutt misses Edmund.
Edmund is heavily wounded.
Edmund misses you.
You barely miss Edmund.
Edmund is heavily wounded.
Edmund hits you but does no damage.
You hit Edmund but do no damage. Your headbutt misses Edmund.
Edmund is heavily wounded.
Edmund hits you with a +5 heavy flail!
You barely miss Edmund.
Edmund is heavily wounded.
Edmund closely misses you.
You hit Edmund but do no damage.
Edmund is heavily wounded.
Edmund hits you with a +5 heavy flail!
* * * LOW HITPOINT WARNING * * *
You are too injured to fight recklessly!
You barely miss Edmund.
Edmund is heavily wounded.
Edmund hits you with a +5 heavy flail.
* * * LOW HITPOINT WARNING * * *
You closely miss Edmund.
Edmund is heavily wounded.
Edmund hits you with a +5 heavy flail.
* * * LOW HITPOINT WARNING * * *
You hit Edmund.
Edmund is heavily wounded.
Edmund hits you with a +5 heavy flail!
You die...
Edmund says, "That'll show my brother!"

#.###......###.###.#.#
#.....##.......#.#.....
#....## ##.............
#..#..## #......<......
#..##..####............
#...#.##..............
##..............$.....
........#........#..#
##......##..>...@#
........###......@....#
#........###...........#
##......## #..#........#
#....... #..#....##>.#
...#..#..........## ##
.......... ...........


You could see Edmund.

Vanquished Creatures
  A hound (D:4)
  A bombardier beetle (D:3)
  An orc priest (D:3)
  2 adders (D:3)
  2 ribbon worms (D:3)
  2 dart slugs (D:2)
  3 orcs (D:3)
  8 endoplasms
  2 giant cockroaches
  10 goblins
  7 hobgoblins
  10 kobolds
  4 quokkas
  8 ball pythons
  5 bats
  4 frilled lizards
  3 rats
73 creatures vanquished.

Notes
Turn   | Place    | Note
-------+----------+-------------------------------------------
     0 | D:1      | DrKenneth the Minotaur Fighter began the quest for the Orb.
     0 | D:1      | Reached XP level 1. HP: 19/19 MP: 0/0
   297 | D:1      | Reached XP level 2. HP: 27/27 MP: 1/1
   448 | D:1      | Found Kienad's Antique Weapon Shop.
   678 | D:1      | Reached XP level 3. HP: 32/33 MP: 2/2
  1510 | D:2      | Found a faded altar of an unknown god.
  1807 | D:3      | Reached XP level 4. HP: 41/41 MP: 3/3
  2033 | D:3      | Reached XP level 5. HP: 44/47 MP: 4/4
  2372 | D:4      | Identified the +2 whip of the Many Coins {venom, rN+}
  2432 | D:4      | Found a runed translucent gate.
  2432 | D:4      | Found a runed translucent gate.
  2432 | D:4      | Found a runed translucent gate.
  2506 | D:4      | Noticed Edmund
  2522 | D:4      | Demolished by Edmund

Illustrated notes

Levels and vault maps discovered:
D:1:      minmay_arrival_four_houses, layout_basic, serial_forest,
          infiniplex_forest_pool, infiniplex_forest_clump_small,
          infiniplex_forest_clump_double, infiniplex_forest_zigzag_1,
          infiniplex_forest_end_2, infiniplex_forest_corner_2,
          infiniplex_forest_corner_2, infiniplex_forest_lined_3, serial_shops,
          shop
D:2:      layout_basic, chequers_ecumenical_altar_simple_redux
D:3:      layout_rooms, eino_tiny_chamber, dreamdust_princess_bridge,
          minmay_between
D:4:      layout_cave_pools, ebering_ghost_rock_garden, uniq_grinder,
          uniq_edmund

Skill      XL: |  1  2  3  4  5 |
---------------+----------------+-----
Fighting       | 4 |  4.8
Shields        | 4 |  4.8
Axes           | 3 4 |  4.1
Armour         | 4 |  4.9

Action                     |  1- 3 |  4- 6 || total
---------------------------+-------+-------++-------
  Melee: War axe           |    85 |    69 ||   154
         Headbutt          |    13 |     8 ||    21
    Use: Scroll            |     1 |     2 ||     3
 Armour: Scale mail        |    48 |    48 ||    96
  Dodge: Dodged            |    40 |    27 ||    67
  Block: Buckler           |    19 |    20 ||    39

Table legend: (Time is in decaauts)
 A = Elapsed time spent in this place.
 B = Non-inter-level travel time spent in this place.
 C = Inter-level travel time spent in this place.
 D = Time resting spent in this place.
 E = Time spent auto-exploring this place.
 F = Levels seen in this place.
 G = Mean time per level.
                   A        B        C        D        E       F      G
               +--------+--------+--------+--------+--------+-----+--------+
         Total |   2576 |   2368 |    208 |      0 |   1839 |   4 |  644.0 |
       Dungeon |   2576 |   2368 |    208 |      0 |   1839 |   4 |  644.0 |
               +--------+--------+--------+--------+--------+-----+--------+

Top non-repeatable levels by time:
     D:1: 1229 daAuts
     D:3: 630 daAuts
     D:2: 486 daAuts
     D:4: 230 daAuts
